 Dungeon Crawl Stone Soup version 0.32-a0-136-gc02482bde3 (webtiles) character file.

Game seed: 5107274994571065804

1754 Asceticacid the Shield-Bearer (level 9, 0/73 HPs)
             Began as a Gnoll Fighter on Feb 10, 2024.
             Was a Follower of Makhleb.
             Slain by Menkaure (15 damage)
             ... on level 5 of the Dungeon.
             The game lasted 00:08:14 (6082 turns).

Asceticacid the Shield-Bearer (Gnoll Fighter)       Turns: 6082, Time: 00:08:15

Health: 0/73       AC: 11    Str: 17    XL:     9   Next: 6%
Magic:  15/15      EV: 11    Int:  9    God:    Makhleb [*.....]
Gold:   272        SH:  5    Dex: 13    Spells: 16/16 levels left

rFire   . . .        A - +2 dire flail (drain)
rCold   . . .        (shield currently unavailable)
rNeg    . . .        b - +0 scale mail
rPois   .            s - +1 helmet
rElec   .            (no cloak)
rCorr   .            (no gloves)
SInv    .            r - +0 pair of boots
Will    .....        j - amulet of reflection
Stlth   +            k - ring of flight
HPRegen 0.32/turn    (no ring)
MPRegen 0.14/turn

%: reflection
@: flying
A: fangs 1, strong nose, distributed training
a: Renounce Religion


You were on level 5 of the Dungeon.
You worshipped Makhleb.
Makhleb was aware of your devotion.
You visited 1 branch of the dungeon, and saw 5 of its levels.
You also visited: Sewer.

You collected 272 gold pieces.

Inventory:

Hand Weapons
 A - a +2 dire flail of draining (weapon)
Missiles
 h - 2 curare-tipped darts (quivered)
Armour
 b - a +0 scale mail (worn)
 c - a +0 buckler
 r - a +0 pair of boots (worn)
 s - a +1 helmet (worn)
Jewellery
 j - an amulet of reflection (around neck)
 k - a ring of flight (left hand)
 t - a ring of ice
 u - a ring of see invisible
 y - a ring of positive energy
Wands
 a - a wand of roots (1)
 l - a wand of flame (15)
Scrolls
 e - 3 scrolls of teleportation
 n - 2 scrolls of vulnerability
 o - a scroll of fog
 w - a scroll of butterflies
 x - a scroll of blinking {unknown}
 z - 2 scrolls of identify
 B - a scroll of enchant armour
Potions
 d - a potion of might
 f - 3 potions of brilliance
 g - 3 potions of enlightenment
 m - a potion of haste {unknown}
 p - a potion of mutation {unknown}
 q - 2 potions of lignification {unknown}
 v - a potion of resistance {unknown}


   Skills:
 + Level 7.7 Fighting
 + Level 4.0 Short Blades
 + Level 4.0 Long Blades
 + Level 4.0 Axes
 + Level 4.0 Maces & Flails
 + Level 6.1 Polearms
 + Level 4.0 Staves
 + Level 4.0 Ranged Weapons
 + Level 4.0 Throwing
 + Level 7.7 Armour
 + Level 4.0 Dodging
 + Level 4.0 Stealth
 + Level 7.7 Shields
 + Level 4.0 Unarmed Combat
 + Level 4.0 Spellcasting
 + Level 3.3 Conjurations
 + Level 3.3 Hexes
 + Level 3.3 Summonings
 + Level 3.3 Necromancy
 + Level 3.3 Translocations
 + Level 3.3 Fire Magic
 + Level 3.3 Ice Magic
 + Level 3.3 Air Magic
 + Level 3.3 Earth Magic
 + Level 3.3 Alchemy
 + Level 4.4 Invocations
 + Level 4.0 Evocations
 + Level 3.6 Shapeshifting


You had 16 spell levels left.
You didn't know any spells.
Your spell library contained the following spells:

 Spells                   Type           Power      Damage    Failure   Level
 Necrotise                Necr           28%        1d5       21%         1
 Cigotuvi's Dreadful Rot  Necr/Alch/Air  14%        N/A       30%         2
 Vampiric Draining        Necr           7%         2d6       52%         3
 Ignite Poison            Fire/Alch      7%         N/A       90%         4
 Martyr's Knell           Necr/Summ      7%         N/A       90%         4
 Curse of Agony           Necr           7%         N/A       99%         5
 Freezing Cloud           Conj/Ice/Air   3%         6-21      99%         5


Dungeon Overview and Level Annotations

Branches:
Dungeon (5/15)              Sewer (visited)
 Temple: D:4-7

Altars:
Makhleb
Okawaru
Wu Jian
The Shining One

Shops:
D:1 ((=

Annotations:
D:5 Menkaure


Innate Abilities, Weirdness & Mutations

You have very sharp teeth.
Your uncanny sense of smell can sniff out nearby items.
Your experience applies equally to all skills.


Message History

There is an open door here.
Found a rapier.
Found an escape hatch in the ceiling.
Menkaure, Prince of Dust comes into view.
Menkaure shouts!
Menkaure is nearby!
Menkaure is nearby!
Menkaure is nearby!
Menkaure mumbles some strange words.
Menkaure seems to speed up.
You puncture Menkaure!
Menkaure is heavily damaged.
Menkaure barely misses you.
You closely miss Menkaure.
Menkaure is heavily damaged.
Menkaure calls on the powers of darkness!
Your body is wracked with pain!
Menkaure calls on the powers of darkness!
Your body is wracked with pain!
* * * LOW HITPOINT WARNING * * *
You barely miss Menkaure.
Menkaure is heavily damaged.
Menkaure gestures at you while chanting.
Pain shoots through your body!
* * * LOW HITPOINT WARNING * * *
Okay, then.
Aiming: Throw Flame
Press: ? - help, Shift-Dir - straight line, f - Menkaure
Aim: Menkaure (heavily damaged, fast, 86% to hit)
The puff of flame misses Menkaure.
Menkaure hits you!
* * * LOW HITPOINT WARNING * * *
You feel much better. Menkaure hits you!
* * * LOW HITPOINT WARNING * * *
Aiming: Throw Flame
Press: ? - help, Shift-Dir - straight line, f/p - Menkaure
Aim: Menkaure (heavily damaged, fast, 86% to hit)
The puff of flame hits Menkaure!
Menkaure is burned terribly!
Menkaure is almost destroyed.
Menkaure hits you!
You die...

# #.....# ##_# #.##.###.#
##..### #......#.# #..#..#
####.#.#.# #.#...# #.#.#.#######
#...#.# #.#.#.......# # ##.#.##
#.#.........#.# #.#...#
#######.#...........# ####...#.#
#.......#.#####@....# #..#..#..#
#.####..#.#####M##.## #.####..##
#....#..#)#.. ...#.# #.#.##.###
#.......#.#.###..#.# #.#......#
#.......#.#...#..#.# #.#......#
#...........#.#..#.# #.#...)..#
#.......#.#.#.####.# #.#.#.[..#
#......##.#.#.# ##.####.#.##...#
#.........#'#'###.......#.##...#


You could see Menkaure (fast).

Vanquished Creatures
  3 yaks
  Edmund (D:5)
  An ice beast (D:5)
  An ogre (D:5)
  A phantom (D:5)
  3 kobold brigands (Sewer)
  3 scorpions
  2 bombardier beetles (D:3)
  2 hounds
  A sleepcap (D:4)
  3 iguanas (D:5)
  Terence (D:2)
  Ijyb (D:5)
  Robin (D:3)
  3 gnolls (D:4)
  11 adders
  A river rat (Sewer)
  A white imp (D:3)
  2 dart slugs
  6 ribbon worms
  8 orcs
  12 ball pythons
  9 endoplasms
  5 giant cockroaches
  8 hobgoblins
  5 jackals (D:3)
  3 quokkas
  12 bats
  5 frilled lizards
  21 goblins
  11 kobolds
  4 rats
151 creatures vanquished.

Notes
Turn   | Place    | Note
-------+----------+-------------------------------------------
     0 | D:1      | Asceticacid the Gnoll Fighter began the quest for the Orb.
     0 | D:1      | Reached XP level 1. HP: 23/23 MP: 1/1
     7 | D:1      | Found Ciopsuot's Weapon Boutique.
   124 | D:1      | Found Gajaenoph's Antique Weapon Shoppe.
   224 | D:1      | Reached XP level 2. HP: 28/29 MP: 2/2
   343 | D:1      | Found Jades's Jewellery Shoppe.
   680 | D:2      | Reached XP level 3. HP: 32/35 MP: 3/3
   810 | D:2      | Noticed Terence
   853 | D:2      | Reached skill level 1 in Invocations
  1129 | D:2      | Killed Terence
  1130 | D:2      | Reached skill level 1 in Short Blades
  1130 | D:2      | Reached skill level 1 in Long Blades
  1130 | D:2      | Reached skill level 1 in Axes
  1130 | D:2      | Reached skill level 1 in Maces & Flails
  1130 | D:2      | Reached skill level 1 in Staves
  1130 | D:2      | Reached skill level 1 in Ranged Weapons
  1130 | D:2      | Reached skill level 1 in Throwing
  1130 | D:2      | Reached skill level 1 in Dodging
  1130 | D:2      | Reached skill level 1 in Stealth
  1130 | D:2      | Reached skill level 1 in Unarmed Combat
  1130 | D:2      | Reached skill level 1 in Spellcasting
  1130 | D:2      | Reached skill level 1 in Evocations
  1130 | D:2      | Reached skill level 1 in Shapeshifting
  1130 | D:2      | Reached XP level 4. HP: 41/41 MP: 5/5
  1303 | D:2      | Found a faded altar of an unknown god.
  1340 | D:3      | Found a faded altar of an unknown god.
  1571 | D:3      | Reached skill level 1 in Conjurations
  1571 | D:3      | Reached skill level 1 in Hexes
  1571 | D:3      | Reached skill level 1 in Summonings
  1571 | D:3      | Reached skill level 1 in Necromancy
  1571 | D:3      | Reached skill level 1 in Translocations
  1571 | D:3      | Reached skill level 1 in Fire Magic
  1571 | D:3      | Reached skill level 1 in Ice Magic
  1571 | D:3      | Reached skill level 1 in Air Magic
  1571 | D:3      | Reached skill level 1 in Earth Magic
  1571 | D:3      | Reached skill level 1 in Alchemy
  1733 | D:3      | Reached XP level 5. HP: 47/47 MP: 5/7
  1775 | D:3      | Found an ornate altar of the Wu Jian Council.
  1980 | D:3      | Noticed Robin
  2199 | D:3      | Reached XP level 6. HP: 51/53 MP: 8/8
  2391 | D:3      | Reached skill level 5 in Polearms
  2398 | D:3      | Killed Robin
  2545 | D:3      | Found a glowing golden altar of the Shining One.
  3198 | D:4      | Reached XP level 7. HP: 56/60 MP: 10/10
  3669 | D:4      | Found a burning altar of Makhleb.
  3764 | D:4      | Became a worshipper of Makhleb the Destroyer
  4132 | D:5      | Entered Level 5 of the Dungeon
  4134 | D:5      | Noticed a yak
  4170 | D:4      | Killed a yak
  4235 | D:5      | Noticed a yak
  4235 | D:5      | Noticed a yak
  4242 | D:5      | Found a glowing drain.
  4252 | D:5      | Killed a yak
  4260 | D:5      | Killed a yak
  4261 | D:5      | Reached XP level 8. HP: 26/67 MP: 10/12
  4264 | Sewer    | Entered a sewer
  4938 | Sewer    | Reached * piety under Makhleb
  5390 | D:5      | Noticed Edmund
  5411 | D:5      | Killed Edmund
  5531 | D:5      | Found an iron altar of Okawaru.
  5635 | D:5      | Noticed Ijyb
  5647 | D:5      | Killed Ijyb
  5955 | D:5      | Reached XP level 9. HP: 68/73 MP: 13/15
  6075 | D:5      | Noticed Menkaure
  6082 | D:5      | Slain by Menkaure

Illustrated notes

Levels and vault maps discovered:
D:1:      minmay_arrival_five_plusses, layout_loops_cross, serial_shops,
          nicolae_shop_getting_attention, shop, shop
D:2:      layout_loops_cross, dilly_ecumenical_altar_fadedgnrine, uniq_terence
D:3:      kennysheep_goblin_castle, layout_basic, nzn_wu_jian_council_hall,
          nicolae_overflow_ecumenical_swirl, roderic_batcave
D:4:      layout_layer_cave, lightli_temple_of_fire
D:5:      layout_basic, marbit_many_paths,
          mainiacjoe_sewer_entry_somewhere_in_here_1, uniq_edmund,
          uniq_menkaure, uniq_ijyb

Skill      XL: |  1  2  3  4  5  6  7  8 |
---------------+-------------------------+-----
Invocations    | 1 2 3 4 |  4.4
Short Blades   | 1 2 3 4 |  4.0
Long Blades    | 1 2 3 4 |  4.0
Axes           | 1 2 3 4 |  4.0
Maces & Flails | 1 2 3 4 |  4.0
Staves         | 1 2 3 4 |  4.0
Ranged Weapons | 1 2 3 4 |  4.0
Throwing       | 1 2 3 4 |  4.0
Dodging        | 1 2 3 4 |  4.0
Stealth        | 1 2 3 4 |  4.0
Unarmed Combat | 1 2 3 4 |  4.0
Spellcasting   | 1 2 3 4 |  4.0
Evocations     | 1 2 3 4 |  4.0
Shapeshifting  | 1 2 3 |  3.6
Conjurations   | 1 2 3 |  3.3
Hexes          | 1 2 3 |  3.3
Summonings     | 1 2 3 |  3.3
Necromancy     | 1 2 3 |  3.3
Translocations | 1 2 3 |  3.3
Fire Magic     | 1 2 3 |  3.3
Ice Magic      | 1 2 3 |  3.3
Air Magic      | 1 2 3 |  3.3
Earth Magic    | 1 2 3 |  3.3
Alchemy        | 1 2 3 |  3.3
Polearms       | 5 6 |  6.1
Fighting       | 7 |  7.7
Armour         | 7 |  7.7
Shields        | 7 |  7.7

Action                     |  1- 3 |  4- 6 |  7- 9 || total
---------------------------+-------+-------+-------++-------
  Melee: Trident           |    98 |   251 |     1 ||   350
         Bite              |     6 |    20 |    36 ||    62
         Dagger            |       |       |   251 ||   251
         Dire flail        |       |       |    48 ||    48
  Throw: Throwing net      |     1 |       |       ||     1
  Evoke: Wand              |       |       |     2 ||     2
    Use: Scroll            |     1 |     4 |     6 ||    11
         Potion            |       |       |     4 ||     4
   Stab: Held in net/web   |     2 |       |       ||     2
 Armour: Scale mail        |    36 |   187 |   115 ||   338
  Dodge: Dodged            |    27 |    91 |    87 ||   205
  Block: Buckler           |    12 |   159 |    94 ||   265
         Reflection        |       |     5 |     2 ||     7
         Other             |       |       |    10 ||    10

Table legend: (Time is in decaauts)
 A = Elapsed time spent in this place.
 B = Non-inter-level travel time spent in this place.
 C = Inter-level travel time spent in this place.
 D = Time resting spent in this place.
 E = Time spent auto-exploring this place.
 F = Levels seen in this place.
 G = Mean time per level.
                   A        B        C        D        E       F      G
               +--------+--------+--------+--------+--------+-----+--------+
         Total |   6103 |   5907 |    196 |    600 |   3939 |   6 | 1017.2 |
       Dungeon |   5165 |   4969 |    196 |    471 |   3413 |   5 | 1033.0 |
         Sewer |    937 |    937 |      0 |    129 |    526 |   1 |  937.0 |
               +--------+--------+--------+--------+--------+-----+--------+

Top non-repeatable levels by time:
     D:4: 1648 daAuts
     D:3: 1264 daAuts
   Sewer: 937 daAuts
     D:5: 914 daAuts
     D:2: 702 daAuts
     D:1: 637 daAuts
